 Dungeon Crawl Stone Soup version 0.25.1-1-g288607f5aa (webtiles) character file.

Game seed: 6362544568055303160

712 Peloso the Slasher (level 7, 0/60 HPs)
             Began as a Minotaur Fighter on July 25, 2020.
             Was a Follower of Okawaru.
             Slain by a bullfrog zombie (1 damage)
             ... on level 5 of the Dungeon.
             The game lasted 00:07:02 (3238 turns).

Peloso the Slasher (Minotaur Fighter)               Turns: 3238, Time: 00:07:02

Health: 0/60       AC: 13    Str: 21    XL:     7   Next: 41%
Magic:  6/6        EV:  5    Int:  5    God:    Okawaru [*.....]
Gold:   2          SH: 11    Dex: 17    Spells: 6/6 levels left

rFire    . . .     SeeInvis .   a - +3 falchion (elec)
rCold    . . .     Gourm    .   c - +0 kite shield
rNeg     . . .     Faith    .   o - +0 plate armour
rPois    .         Spirit   .   (helmet restricted)
rElec    .         Reflect  .   (no cloak)
rCorr    .         Harm     .   (no gloves)
MR       .....                  v - +0 pair of boots
Stlth    ..........             (no amulet)
HPRegen  0.20/turn              r - +6 ring of dexterity
MPRegen  0.10/turn              (no ring)

@: lethally poisoned (0 -> -5), stab
A: retaliatory headbutt, horns 2
a: Heroism, Renounce Religion


You were on level 5 of the Dungeon.
You worshipped Okawaru.
Okawaru was aware of your devotion.
You were not hungry.

You visited 1 branch of the dungeon, and saw 5 of its levels.

You collected 152 gold pieces.
You spent 150 gold pieces at shops.

Inventory:

Hand Weapons
 a - a +3 falchion of electrocution (weapon)
Missiles
 l - 52 bolts
Armour
 b - a +0 scale mail
 c - a +0 kite shield (worn)
 m - a +2 pair of boots
 o - a +0 plate armour (worn)
 v - a +0 pair of boots (worn)
Jewellery
 r - a +6 ring of dexterity (left hand)
Wands
 p - a wand of iceblast (7)
Scrolls
 e - a scroll of identify
 g - a scroll of magic mapping {unknown}
 n - a scroll of remove curse {unknown}
 q - a scroll of fear {unknown}
 t - a scroll of immolation {unknown}
 w - a scroll of fog {unknown}
 x - a scroll of teleportation {unknown}
Potions
 d - a potion of might
 h - a potion of flight
 j - 2 potions of invisibility
 k - 2 potions of brilliance
 u - a potion of stabbing
Comestibles
 f - 8 rations


   Skills:
 + Level 4.9 Fighting
 + Level 6.2 Long Blades
 + Level 5.4 Armour
 + Level 2.2 Dodging
 + Level 0.1 Stealth
 + Level 6.2 Shields


You had 6 spell levels left.
You didn't know any spells.
Your spell library was empty.

Dungeon Overview and Level Annotations

Branches:
Dungeon (5/15)
 Temple: D:4-7

Altars:
Gozag
Kikubaaqudgha
Okawaru
Qazlal
Sif Muna

Shops:
D:4 (


Innate Abilities, Weirdness & Mutations

You reflexively headbutt those who attack you in melee.
You have a pair of horns on your head.


Message History

Okawaru accepts your kill.
* * * LOW HITPOINT WARNING * * *
You feel sick. The bullfrog zombie hits you.
* * * LOW HITPOINT WARNING * * *
Okay, then.
You slash the bullfrog zombie!
The bullfrog zombie is moderately damaged.
* * * LOW HITPOINT WARNING * * *
You feel sick.
The bullfrog zombie hits you but does no damage.
Unknown command.
You hit the bullfrog zombie.
The bullfrog zombie is moderately damaged.
* * * LOW HITPOINT WARNING * * *
You feel sick.
The bullfrog zombie hits you but does no damage.
You hit the bullfrog zombie.
The bullfrog zombie is heavily damaged.
You block the bullfrog zombie's attack. The bullfrog zombie hits you.
You die...

........+ ........#
...... #.#.# .....
#.#.# ..# #..# #.#.#
..# #.###.#.# ....
#.Z##.#.##+###...
##Z##.#.......#
.#####@##.#......#
..................#
..#.........#.....#
+.........#.....#
#.........#....##
#.........#....#
#.........#....#
#.........#....######
#.........#.........#


You could see a bullfrog zombie and a centaur skeleton.

Vanquished Creatures
  6 killer bees (D:5)
  3 vampire bats (D:2)
  2 crimson imps
  A centaur skeleton (D:4)
  A worker ant (D:4)
  Terence (D:2)
  An iguana (D:4)
  Robin (D:2)
  5 adders
  2 oozes
  4 worms
  4 dart slugs
  2 orcs (D:3)
  4 bat skeletons (D:2)
  A bat zombie (D:2)
  A giant cockroach (D:1)
  12 goblins
  10 hobgoblins
  2 jackals (D:2)
  4 ball pythons
  8 bats
  7 frilled lizards
  8 kobolds
  5 rats
95 creatures vanquished.

Notes
Turn   | Place    | Note
-------+----------+-------------------------------------------
     0 | D:1      | Peloso the Minotaur Fighter began the quest for the Orb.
     0 | D:1      | Reached XP level 1. HP: 19/19 MP: 0/0
   201 | D:1      | Reached XP level 2. HP: 24/27 MP: 1/1
   754 | D:1      | Reached XP level 3. HP: 33/33 MP: 2/2
  1042 | D:2      | Reached XP level 4. HP: 35/41 MP: 3/3
  1152 | D:2      | Noticed Terence
  1168 | D:2      | Killed Terence
  1172 | D:2      | Reached skill level 1 in Dodging
  1243 | D:2      | Found a stormy altar of Qazlal.
  1462 | D:2      | Reached XP level 5. HP: 46/47 MP: 4/4
  1469 | D:2      | Found an ancient bone altar of Kikubaaqudgha.
  1487 | D:2      | Reached skill level 5 in Shields
  1758 | D:3      | Identified the +0 helmet of Quackir {+Blink rPois}
  1758 | D:3      | Noticed Robin
  1777 | D:2      | Reached XP level 6. HP: 52/53 MP: 5/5
  1796 | D:2      | Killed Robin
  1803 | D:3      | Reached skill level 5 in Long Blades
  2175 | D:3      | Found an opulent altar of Gozag.
  2212 | D:3      | Found a shimmering blue altar of Sif Muna.
  2394 | D:4      | Found an iron altar of Okawaru.
  2399 | D:4      | Became a worshipper of Warmaster Okawaru
  2440 | D:4      | Found Qorit's Antique Weapon Shoppe.
  3069 | D:4      | Bought a runed falchion for 150 gold pieces
  3120 | D:5      | Entered Level 5 of the Dungeon
  3222 | D:5      | Reached skill level 5 in Armour
  3222 | D:5      | Reached XP level 7. HP: 14/60 MP: 6/6
  3227 | D:5      | Reached * piety under Okawaru
  3235 | D:5      | HP: 3/60 [poisoned by a killer bee]
  3237 | D:5      | HP: 1/60 [poisoned by a killer bee]
  3238 | D:5      | Slain by a bullfrog zombie

Illustrated notes

Levels and vault maps discovered:
D:1:      psy_arrival_statuary, layout_loops_ring
D:2:      layout_basic, kennysheep_vampire_church, lemuel_crystal_altar,
          uniq_terence
D:3:      layout_rooms, led_sif_pool, lemuel_coloured_pillars_altar, uniq_robin
D:4:      layout_basic, okawaru_ov_weapons_minmay, serial_shops,
          nicolae_shop_waterfront
D:5:      layout_basic, gammafunk_temple_overflow_forgotten, basic_altar,
          first_ration

Skill      XL: |  1  2  3  4  5  6  7 |
---------------+----------------------+-----
Fighting       | 4 |  4.9
Armour         | 4 5 |  5.4
Long Blades    | 3 4 5 6 |  6.2
Shields        | 4 5 6 |  6.2
Dodging        | 1 2 |  2.2
Stealth        | |  0.1

Action                   |  1- 3 |  4- 6 |  7- 9 || total
-------------------------+-------+-------+-------++-------
Melee: Long sword        |    83 |   118 |       ||   201
       Headbutt          |     9 |    32 |     2 ||    43
       Falchion          |       |    12 |    14 ||    26
  Use: Scroll            |       |     5 |       ||     5
       Potion            |       |     1 |     2 ||     3
  Eat: Chunk             |       |     5 |       ||     5
       Ration            |       |     1 |       ||     1
Armor: Scale mail        |    44 |    54 |       ||    98
       Plate armour      |       |    24 |     8 ||    32
Dodge: Dodged            |    27 |    52 |     5 ||    84
Block: Kite shield       |    46 |    95 |     9 ||   150
       Rpst.: Long sword |     5 |    17 |       ||    22
       Falchion          |       |       |     3 ||     3
